 Dungeon Crawl Stone Soup version 0.18-a0-1164-g7046a04 (webtiles) character file.

453 poirepourri the Covered (level 7, -5/60 HPs)
             Began as a Hill Orc Fighter on Jan 25, 2016.
             Killed from afar by an orc wizard (10 damage)
             ... with a puff of frost
             ... on level 4 of the Dungeon.
             The game lasted 00:04:13 (2838 turns).

poirepourri the Covered (Hill Orc Fighter)          Turns: 2838, Time: 00:04:13

Health: -5/60      AC:  8    Str: 21    XL:     7   Next: 5%
Magic:  7/7        EV:  8    Int:  8    God:
Gold:   143        SH: 10    Dex: 10    Spells: 0 memorised, 6 levels left

rFire  . . .     SeeInvis .     a - +0 war axe
rCold  . . .     Gourm    .     b - +0 scale mail
rNeg   . . .     Faith    .     c - +0 shield
rPois  .         Spirit   .     h - +0 helmet
rElec  .         Dismiss  .     (no cloak)
rCorr  .         Reflect  .     (no gloves)
SustAt +         Harm     .     (no boots)
MR     .....                    (no amulet)
Stlth  +.........               r - ring of stealth
                                l - ring of sustain attributes

@: about to teleport, not resistant to hostile enchantments, very unstealthy
A: no striking features
a: no special abilities


You were on level 4 of the Dungeon.
You were not hungry.

You visited 1 branch of the dungeon, and saw 4 of its levels.

You collected 143 gold pieces.

Inventory:

Hand Weapons
 a - a +0 war axe (weapon)
Armour
 b - a +0 scale mail (worn)
 c - a +0 shield (worn)
 h - a +0 helmet (worn)
Jewellery
 l - a ring of sustain attributes (left hand)
 r - a ring of stealth (right hand)
Wands
 e - a wand of digging (13/24)
Scrolls
 g - 3 scrolls of magic mapping
 m - a scroll of identify
Potions
 d - a potion of might
 i - a potion of lignification {unknown}
 j - a potion of cancellation
 o - 2 potions of haste
 p - 3 potions of mutation {unknown}
Comestibles
 n - 3 meat rations


   Skills:
 + Level 4.6 Fighting
 + Level 4.3 Axes
 + Level 5.5 Armour
 + Level 2.0 Dodging
 + Level 5.0 Shields


You had 6 spell levels left.
You didn't know any spells.

Dungeon Overview and Level Annotations

Branches:
Dungeon (4/15)
 Temple: D:4-7

Altars:
Nemelex Xobeh
Ru
Trog


Message History

Something hits you but does no damage. Something hits you.
* * * LOW HITPOINT WARNING * * *
You closely miss something. x2; Something hits you but does no damage.
Something completely misses you.
You hear some strange, mumbled words.
A puff of flame appears from out of thin air!
The puff of flame hits you!
* * * LOW HITPOINT WARNING * * *
Read which item? (? for menu, Esc to quit)
As you read the scroll of teleportation, it crumbles to dust.
You feel strangely unstable.
You hear some strange, mumbled words.
A puff of flame appears from out of thin air!
The puff of flame hits you!
* * * LOW HITPOINT WARNING * * *
Something hits you but does no damage.
You hear some strange, mumbled words.
A puff of frost appears from out of thin air!
The puff of frost hits you!
You die...

#... #.........#
##.. ##..
##..###...# ##+
#.. #..###.###
#..# ## #......#
#..##.
##..####....
#..... #...# .
#....##...#
..#...{#....####
#)...o{@........
################


You could see an orc.

Vanquished Creatures
  Grinder (D:3)
  A hound (D:4)
  An orc priest (D:3)
  An iguana (D:4)
  A worker ant (D:4)
  The ghost of Finwe the Ruffian, a weakling MiMo (D:3)
  A hound skeleton (D:4)
  4 adders
  2 worms (D:3)
  A giant gecko (D:3)
  12 orcs
  2 ball pythons
  5 bats (D:3)
  A giant cockroach (D:2)
  6 goblins
  10 hobgoblins
  A jackal (D:3)
  A quokka (D:2)
  2 giant newts
  5 kobolds
  3 rats
62 creatures vanquished.

Notes
Turn   | Place    | Note
--------------------------------------------------------------
     0 | D:1      | poirepourri the Hill Orc Fighter began the quest for the Orb.
     0 | D:1      | Reached XP level 1. HP: 19/19 MP: 1/1
   302 | D:1      | Reached XP level 2. HP: 24/27 MP: 2/2
   553 | D:2      | Reached XP level 3. HP: 24/33 MP: 3/3
   555 | D:2      | Reached skill level 4 in Armour
  1278 | D:3      | Reached XP level 4. HP: 37/40 MP: 4/4
  1306 | D:3      | Noticed Finwe's ghost (weakling MiMo)
  1325 | D:3      | Killed Finwe's ghost
  1439 | D:3      | Found a sacrificial altar of Ru.
  1549 | D:3      | Reached skill level 1 in Dodging
  1554 | D:3      | Reached XP level 5. HP: 31/46 MP: 5/5
  1686 | D:3      | Noticed Grinder
  1742 | D:3      | Paralysed by Grinder for 3 turns
  1749 | D:3      | Killed Grinder
  1749 | D:3      | Reached skill level 5 in Armour
  1749 | D:3      | Reached XP level 6. HP: 20/53 MP: 6/6
  2330 | D:3      | Found a bloodstained altar of Trog.
  2508 | D:4      | Found a sparkling altar of Nemelex Xobeh.
  2526 | D:4      | Reached skill level 5 in Shields
  2536 | D:4      | Reached XP level 7. HP: 40/60 MP: 7/7
  2838 | D:4      | Killed from afar by an orc wizard

Vault maps used:
D:1:      matt_arrival_diagonals
D:3:      lightli_temple_of_fire, marbit_many_paths, uniq_grinder
D:4:      lemuel_round_altar, nemelex_xobeh_ov_fountains_minmay,
          minmay_misc_feat_iff

Action                   |  1- 3 |  4- 6 |  7- 9 || total
-------------------------+-------+-------+-------++-------
Melee: War axe           |    79 |   126 |    21 ||   226
  Use: Scroll            |     3 |     2 |     2 ||     7
       Potion            |     1 |     2 |     2 ||     5
  Eat: Bread ration      |     1 |     1 |       ||     2
